 Dungeon Crawl Stone Soup version 0.29-a0-1016-g236c7fd91e (webtiles) character file.

Game seed: 16939720418079929002

10827 Newt the Basher (level 11, -11/94 HPs)
             Began as a Red Draconian Artificer on Aug 9, 2022.
             Was a Priest of Qazlal.
             Mangled by a freezing wraith (16 damage)
             ... on level 11 of the Dungeon.
             The game lasted 00:22:30 (12798 turns).

Newt the Basher (Red Draconian Artificer)          Turns: 12798, Time: 00:22:31

Health: -11/94     AC: 10    Str: 16    XL:     11   Next: 41%
Magic:  0/20       EV: 14    Int: 13    God:    Qazlal [***...]
Gold:   458        SH:  0    Dex: 15    Spells: 13/22 levels left

rFire   + . .      SeeInvis .   r - +1 great mace of the Empty Page {venom, Fragile rPois Str+2}
rCold   . . .      Faith    .   (shield currently unavailable)
rNeg    . . .      Spirit   +   (body armour unavailable)
rPois   +          Reflect  .   (helmet restricted)
rElec   .          Harm     .   (no cloak)
rCorr   .          Rampage  .   u - +1 pair of gloves
Will    .....                   w - +0 pair of boots
Stlth   +.........              g - amulet of guardian spirit
HPRegen 0.25/turn               s - ring of flight
MPRegen 0.17/turn               (no ring)

@: confused, ambrosia-drunk, flying, slowed, very slow
A: breathe fire, AC +7, unfitting armour, fire resistance 1, cold-blooded
a: Breathe Fire, Renounce Religion, Upheaval, Elemental Force


You were on level 11 of the Dungeon.
You worshipped Qazlal.
Qazlal was most pleased with you.
You visited 1 branch of the dungeon, and saw 11 of its levels.

You collected 578 gold pieces.
You spent 120 gold pieces at shops.

Inventory:

Hand Weapons
 a - a +0 club
 l - a +1 whip
 r - the +1 great mace of the Empty Page (weapon) {venom, Fragile rPois Str+2}
   (You acquired it on level 3 of the Dungeon)

   It poisons the flesh of those it strikes.
   Str:       It affects your strength (+2).
   rPois:     It protects you from poison.
   Fragile:   It will be destroyed if unequipped.
 E - the +9 long sword of the Tusks {holy, Stlth+}
   (You found it on level 8 of the Dungeon)

   It has been blessed by the Shining One to cause great damage to the undead
   and demons.
   Stlth:     It makes you more stealthy.
Missiles
 i - 10 datura-tipped darts
Armour
 u - a +1 pair of gloves (worn)
 w - a +0 pair of boots (worn)
Jewellery
 g - an amulet of guardian spirit (around neck)
 s - a ring of flight (left hand)
 v - a ring of ice
Wands
 b - a wand of flame (15) (quivered)
 c - a wand of charming (9)
 n - a wand of quicksilver (1)
 t - a wand of roots (9)
 y - a wand of paralysis (6)
Scrolls
 d - 2 scrolls of enchant weapon
 f - 3 scrolls of vulnerability {unknown}
 h - 4 scrolls of teleportation
 o - a scroll of butterflies {unknown}
 p - 3 scrolls of amnesia
 x - 3 scrolls of identify
 A - a scroll of poison
 F - a scroll of enchant armour
 G - a scroll of magic mapping
Potions
 e - a potion of flight
 j - 2 potions of resistance
 k - 6 potions of might
 q - a potion of attraction
 z - 3 potions of lignification
 B - 2 potions of degeneration
 C - a potion of ambrosia
 D - 3 potions of curing
 H - a potion of invisibility {unknown}


   Skills:
 * Level 8.2 Fighting
 + Level 10.5 Maces & Flails
 + Level 5.5 Dodging
 - Level 0.8 Stealth
 + Level 1.0 Shields
 * Level 6.4 Spellcasting
 * Level 3.0 Hexes
 * Level 7.5 Summonings
 + Level 4.4 Evocations


You had 13 spell levels left.
You knew the following spells:

 Your Spells              Type           Power      Damage    Failure   Level
a - Call Canine Familiar  Summ           23%        N/A       2%          3
b - Summon Guardian Gole  Hex/Summ       17%        N/A       5%          3
c - Tukima's Dance        Hex            12%        N/A       14%         3

Your spell library contained the following spells:

 Spells                   Type           Power      Damage    Failure   Level
 Summon Small Mammal      Summ           92%        N/A       1%          1
 Ensorcelled Hibernation  Hex/Ice        16%        N/A       13%         2
 Dazzling Flash           Conj/Hex       16%        N/A       26%         3
 Gell's Gravitas          Tloc           4%         N/A       43%         3
 Spider Form              Tmut/Pois      4%         N/A       43%         3
 Teleport Other           Tloc           4%         N/A       43%         3
 Anguish                  Hex/Necr       4%         N/A       65%         4
 Leda's Liquefaction      Hex/Erth       4%         N/A       65%         4
 Iskenderun's Mystic Bla  Conj/Tloc      4%         2d3       85%         4
 Passage of Golubria      Tloc           4%         N/A       85%         4
 Yara's Violent Unravell  Hex/Tmut       4%         3d4       94%         5
 Lee's Rapid Deconstruct  Erth           2%         3d5*      99%         5
 Dispersal                Tloc           2%         N/A       100%        6
 Starburst                Conj/Fire      2%         6d3       100%        6
 Statue Form              Tmut/Erth      2%         N/A       100%        6
 Enfeeble                 Hex            6%         N/A       100%        7


Dungeon Overview and Level Annotations

Branches:
Dungeon (11/15)            Temple (0/1) D:5
   Lair: D:8-11         Orc: D:9-12

Altars:
Dithmenos
Gozag
Makhleb
Nemelex Xobeh
Qazlal
Sif Muna
Trog
Vehumet
Wu Jian

Shops:
D:3 *   D:9 :   D:10 *


Innate Abilities, Weirdness & Mutations

You can breathe blasts of fire.
Your fiery red scales are hard. (AC +7)
You cannot fit into any form of body armour.
Your flesh is heat resistant. (rF+)
You are cold-blooded and may be slowed by cold attacks.


Message History

You hit the freezing wraith but do no damage.
The freezing wraith closely misses you.
The freezing wraith completely misses you.
The freezing wraith misses you.
The freezing wraith hits you but does no damage.
You closely miss the freezing wraith. The freezing wraith misses you. x2
Unknown command.
You barely miss the freezing wraith. You tail-slap the freezing wraith.
The freezing wraith is lightly damaged.
The freezing wraith misses you. The freezing wraith barely misses you.
You closely miss the freezing wraith.
The freezing wraith is lightly damaged.
The freezing wraith hits you. The freezing wraith freezes you!
You feel yourself slow down. The freezing wraith hits you.
You thump the freezing wraith!
The freezing wraith is moderately damaged.
The freezing wraith hits you. The freezing wraith freezes you!!
You feel as though you will be slow longer.
* * * LOW HITPOINT WARNING * * *
The freezing wraith hits you!
* * * LOW HITPOINT WARNING * * *
You block the freezing wraith's attack. The freezing wraith closely misses you.
Aiming: Polymorph
Press: ? - help, Q - select action, (/) - cycle Shift-Dir - straight line, f - freezing wraith
Aim: a freezing wraith (moderately damaged, not susceptible)
The freezing wraith is unaffected.
The now-empty wand crumbles to dust.
You hear a bellow!
You block the freezing wraith's attack. The freezing wraith barely misses you.
The freezing wraith closely misses you. The freezing wraith hits you!
* * * LOW HITPOINT WARNING * * *
The freezing wraith drains your vigour!
You feel as though you will be slow longer.
You are confused.
You feel invigorated.
You hear a bellow!
The freezing wraith hits you!
* * * LOW HITPOINT WARNING * * *
The freezing wraith freezes you!!
You feel as though you will be slow longer.
You die...

....#....##.#
....#.?......
....##...##.#
....##.>.##.#
....##...##.#
....##...##.#
)(..........#
.)..######..#######.#.##
))..............@WS>....
.)).#######)###)###.P...
)......# #..##.# ..P
##.....# #..##.# .
...<...# #...#.#
##.....# #.#.#.#
####.....#..$...
..##.###...# .# # #..#


You could see a freezing wraith and a water moccasin.

Vanquished Creatures
  Erolcha (D:10)
  Erica (D:8)
  A two-headed ogre (D:8)
  Pikel (D:5)
  A cyclops (D:11)
  A kobold demonologist (D:10)
  A hornet (D:8)
  A wyvern (D:8)
  A wraith (D:10)
  18 yaks
  Eustachio (D:6)
  2 steam dragons (D:7)
  Edmund (D:4)
  3 water moccasins
  3 acid dragons
  Duvessa (D:5)
  2 orc warriors
  A black bear (D:7)
  2 ice beasts
  3 ogres
  3 centaurs
  A phantom (D:4)
  A lemure (D:5)
  2 kobold brigands
  2 bullfrogs
  3 necrophages
  3 scorpions
  2 gnoll sergeants
  Dowan (D:5)
  A howler monkey (D:8)
  4 hounds
  12 orc priests
  A gnoll bouda (D:8)
  A jelly (D:6)
  Jessica (D:2)
  4 iguanas
  10 orc wizards
  12 gnolls
  9 adders
  A white imp (D:6)
  2 worms (D:4)
  2 dart slugs
  37 orcs
  2 bats
  5 endoplasms
  2 giant cockroaches
  11 goblins
  5 hobgoblins
  14 kobolds
  4 quokkas
  7 ball pythons
  12 rats
223 creatures vanquished.

Vanquished Creatures (collateral kills)
  2 yaks
  A necrophage (D:6)
3 creatures vanquished.

Vanquished Creatures (others)
  2 yaks
  A gnoll (D:8)
  A bush (D:11)
  4 fungi (D:11)
  18 plants (D:11)
26 creatures vanquished.

Grand Total: 252 creatures vanquished

Notes
Turn   | Place    | Note
-------+----------+-------------------------------------------
     0 | D:1      | Newt the Draconian Artificer began the quest for the Orb.
     0 | D:1      | Reached XP level 1. HP: 16/16 MP: 1/1
   379 | D:1      | Reached XP level 2. HP: 23/23 MP: 2/2
   950 | D:2      | Noticed Jessica
   971 | D:2      | Killed Jessica
   972 | D:2      | Reached skill level 1 in Maces & Flails
   972 | D:2      | Reached XP level 3. HP: 14/28 MP: 3/3
  1368 | D:2      | Found a faded altar of an unknown god.
  1835 | D:3      | Identified a scroll of acquirement
  1835 | D:3      | Acquired the +1 great mace of the Empty Page {venom,
                  | Fragile rPois Str+2}
  1865 | D:3      | Reached XP level 4. HP: 35/35 MP: 4/4
  1893 | D:3      | Reached skill level 1 in Spellcasting
  2030 | D:3      | Reached skill level 2 in Maces & Flails
  2039 | D:3      | Reached skill level 1 in Summonings
  2151 | D:3      | Found Tusiwkovu's Assorted Antiques.
  2197 | D:3      | Reached XP level 5. HP: 34/41 MP: 6/6
  2620 | D:4      | Noticed Edmund
  2630 | D:4      | Killed Edmund
  2878 | D:4      | Reached skill level 3 in Maces & Flails
  2979 | D:4      | Reached XP level 6. HP: 41/48 MP: 8/8
  3022 | D:4      | Learned a level 3 spell: Call Canine Familiar
  3065 | D:4      | Found a burning altar of Makhleb.
  3066 | D:4      | Found a bloodstained altar of Trog.
  3371 | D:4      | Found a sparkling altar of Nemelex Xobeh.
  3375 | D:4      | Found a stormy altar of Qazlal.
  3515 | D:4      | Became a worshipper of Qazlal Stormbringer
  3600 | D:5      | Entered Level 5 of the Dungeon
  3609 | D:5      | Noticed Pikel
  3618 | D:5      | Killed Pikel
  3619 | D:5      | Reached skill level 5 in Maces & Flails
  3619 | D:5      | Your scales start taking on a fiery red colour.
  3619 | D:5      | Reached XP level 7. HP: 24/57 MP: 9/11
  3619 | D:5      | Gained mutation: Your flesh is heat resistant. (rF+) [Red
                  | Draconian growth]
  3804 | D:5      | Found an ornate altar of the Wu Jian Council.
  3885 | D:5      | Reached XP level 8. HP: 40/63 MP: 12/12
  4408 | D:5      | Reached skill level 6 in Maces & Flails
  4521 | D:3      | Bought a square jade amulet for 120 gold pieces
  4831 | D:5      | Found a staircase to the Ecumenical Temple.
  5294 | D:5      | Noticed Duvessa
  5294 | D:5      | Noticed Dowan
  5302 | D:5      | Killed Duvessa
  5306 | D:5      | Killed Dowan
  5307 | D:5      | Reached skill level 7 in Maces & Flails
  5659 | D:6      | Found a radiant altar of Vehumet.
  5849 | D:6      | Reached * piety under Qazlal
  5897 | D:6      | Noticed Eustachio
  5926 | D:6      | Killed Eustachio
  5927 | D:6      | Reached XP level 9. HP: 37/71 MP: 8/15
  6764 | D:7      | Found an opulent altar of Gozag.
  6779 | D:7      | Reached skill level 5 in Summonings
  6973 | D:7      | Reached skill level 5 in Fighting
  7066 | D:7      | Reached skill level 8 in Maces & Flails
  7186 | D:7      | Reached skill level 5 in Spellcasting
  7739 | D:7      | Found a shadowy altar of Dithmenos.
  8045 | D:7      | Reached XP level 10. HP: 83/83 MP: 17/17
  8212 | D:8      | Reached ** piety under Qazlal
  8522 | D:8      | Learned a level 3 spell: Summon Guardian Golem
  8562 | D:8      | Noticed Erica
  8570 | D:8      | Killed Erica
  8571 | D:8      | Reached skill level 9 in Maces & Flails
  8571 | D:8      | Reached skill level 1 in Hexes
  8656 | D:8      | Noticed a two-headed ogre
  8662 | D:8      | Killed a two-headed ogre
  8663 | D:8      | Reached skill level 5 in Dodging
  8663 | D:8      | Identified the +9 long sword of the Tusks {holy, Stlth+}
  9345 | D:9      | Found Isoshire's Book Emporium.
  9880 | D:9      | Reached skill level 10 in Maces & Flails
  9902 | D:9      | Learned a level 3 spell: Tukima's Dance
 10169 | D:9      | Reached XP level 11. HP: 70/92 MP: 16/20
 10791 | D:10     | Entered Level 10 of the Dungeon
 11404 | D:10     | Found Gomagiu's Assorted Antiques.
 11434 | D:10     | Reached *** piety under Qazlal
 11760 | D:10     | Noticed Erolcha
 11770 | D:10     | Killed Erolcha
 11771 | D:10     | Reached skill level 1 in Shields
 11909 | D:10     | Found a shimmering blue altar of Sif Muna.
 12772 | D:11     | Noticed Sonja
 12773 | D:11     | Noticed Sonja
 12773 | D:11     | Sonja changed into Sonja the ice beast
 12779 | D:11     | Killed Sonja the ice beast
 12798 | D:11     | Mangled by a freezing wraith

Illustrated notes

Levels and vault maps discovered:
D:1:      kilobyte_arrival_exit_the_forest, layout_rooms,
          minmay_misc_feat_cross, minmay_rat_gold_closets
D:2:      layout_basic, ebering_ecumenical_altar_hall,
          minmay_goblin_kobold_house, uniq_jessica
D:3:      layout_rooms, serial_shops, shop
D:4:      layout_basic, gammafunk_temple_overflow_statue,
          mainiacjoe_overflow_big_doors, cheibrodos_sewer_entry_bend,
          uniq_edmund
D:5:      layout_basic, nzn_wu_jian_contemplation,
          minmay_temple_entry_drinking_statues, st_stairs_14, minivault_11,
          abandoned_shop, uniq_pikel, uniq_duvessa
D:6:      layout_basic, lemuel_round_altar, uniq_eustachio
D:7:      layout_layer_cave, mainiacjoe_overflow_six_doors_small,
          kennysheep_mini_moat, serial_rivers, chequers_serial_rivers_small_b,
          chequers_serial_rivers_marsh, chequers_serial_rivers_micro_d,
          chequers_serial_rivers_micro_e
D:8:      layout_rooms, uniq_erica
D:9:      layout_basic, serial_shops, shop, enter_bailey_4
D:10:     layout_roguey, mainiacjoe_overflow_alcove_1, serial_shops,
          nicolae_shop_statue_plus, kennysheep_cross_bottleneck,
          nicolae_straight_to_the_point, uniq_erolcha
D:11:     layout_basic, minmay_lair_entry_grove, orc_0_dummy, uniq_grum,
          uniq_sonja, uniq_josephine, uniq_urug, uniq_nergalle

Skill      XL: |  1  2  3  4  5  6  7  8  9 10 11 |
---------------+----------------------------------+-----
Maces & Flails | 1 2 3 5 7 8 10 | 10.5
Spellcasting   | 1 2 4 5 6 |  6.4
Summonings     | 1 2 3 4 5 6 7 |  7.5
Fighting       | 2 3 4 6 7 8 |  8.2
Dodging        | 3 4 5 |  5.5
Evocations     | 4 |  4.4
Hexes          | 2 3 |  3.0
Shields        | 1 |  1.0
Stealth        | |  0.8

Action                   |  1- 3 |  4- 6 |  7- 9 | 10-12 || total
-------------------------+-------+-------+-------+-------++-------
Melee: Club              |    44 |       |       |       ||    44
       Tailslap          |    16 |    14 |    27 |    60 ||   117
       Whip              |    52 |       |       |       ||    52
       Great mace        |     6 |    81 |   166 |   322 ||   575
       Punch             |     2 |       |       |       ||     2
       Unarmed           |       |       |    11 |       ||    11
 Cast: Call Canine Famil |       |     1 |     8 |     7 ||    16
       Summon Guardian G |       |       |       |    12 ||    12
       Tukima's Dance    |       |       |       |     9 ||     9
 Abil: Breathe Fire      |       |       |       |     1 ||     1
Evoke: Wand              |     2 |     8 |    10 |     5 ||    25
  Use: Scroll            |    10 |     2 |     9 |     5 ||    26
       Potion            |       |     4 |     4 |     3 ||    11
 Stab: Sleeping          |     5 |     2 |       |       ||     7
       Fleeing           |       |       |     1 |       ||     1
Armor: Skin              |    25 |    24 |    83 |   145 ||   277
Dodge: Dodged            |    63 |    71 |   174 |   288 ||   596
Block: Other             |       |       |    10 |    55 ||    65

Table legend: (Time is in decaauts)
 A = Elapsed time spent in this place.
 B = Non-inter-level travel time spent in this place.
 C = Inter-level travel time spent in this place.
 D = Time resting spent in this place.
 E = Time spent auto-exploring this place.
 F = Levels seen in this place.
 G = Mean time per level.
                   A        B        C        D        E       F      G
               +--------+--------+--------+--------+--------+-----+--------+
         Total |  13016 |  12492 |    524 |   2182 |   8584 |  11 | 1183.3 |
       Dungeon |  13016 |  12492 |    524 |   2182 |   8584 |  11 | 1183.3 |
               +--------+--------+--------+--------+--------+-----+--------+

Top non-repeatable levels by time:
     D:5: 1909 daAuts
    D:10: 1671 daAuts
     D:9: 1493 daAuts
     D:7: 1435 daAuts
     D:8: 1239 daAuts
     D:4: 1125 daAuts
     D:6: 1044 daAuts
     D:1: 937 daAuts
     D:2: 901 daAuts
     D:3: 853 daAuts
    D:11: 405 daAuts
